 Dungeon Crawl Stone Soup version 0.25-a0-24-g72dcfe0359 (webtiles) character file.

Game seed: 15786708676354587212, levelgen mode: deterministic

58 Gynju the Firebug (level 3, -5/19 HPs)
             Began as a Deep Elf Fire Elementalist on Oct 17, 2019.
             Killed from afar by Natasha (8 damage)
             ... with a magic dart
             ... on level 2 of the Dungeon.
             The game lasted 00:01:54 (1853 turns).

Gynju the Firebug (Deep Elf Fire Elementalist)      Turns: 1853, Time: 00:01:55

Health: -5/19      AC:  3    Str:  5    XL:     3   Next: 76%
Magic:  6/10       EV: 13    Int: 20    God:
Gold:   109        SH:  0    Dex: 15    Spells: 8/9 levels left

rFire    . . .     SeeInvis .   (no weapon)
rCold    . . .     Gourm    .   (no shield)
rNeg     . . .     Faith    .   a - +0 robe
rPois    .         Spirit   .   l - +0 helmet
rElec    .         Reflect  .   (no cloak)
rCorr    .         Harm     .   (no gloves)
MR       .....                  (no boots)
Stlth    ++........             (no amulet)
HPRegen  0.06/turn              (no ring)
MPRegen  0.12/turn              (no ring)

@: very slightly contaminated
A: no striking features
a: no special abilities


You were on level 2 of the Dungeon.
You were not hungry.

You visited 1 branch of the dungeon, and saw 2 of its levels.

You collected 109 gold pieces.

Inventory:

Armour
 a - a +0 robe (worn)
 l - a +0 helmet (worn)
Wands
 i - a wand of enslavement (5)
Scrolls
 b - 3 scrolls of identify {unknown}
 e - a scroll of remove curse {unknown}
 f - a scroll of blinking {unknown}
 g - 2 scrolls of amnesia {unknown}
Potions
 d - 3 potions of lignification {unknown}
 h - 2 potions of might {unknown}
 k - a potion of heal wounds {unknown}
 m - a potion of degeneration {unknown}
 n - 2 potions of flight {unknown}
Comestibles
 c - 5 rations
 j - 3 chunks of flesh


   Skills:
 + Level 3.2 Dodging
 - Level 2.6 Stealth
 + Level 3.7 Spellcasting
 + Level 2.1 Conjurations
 + Level 3.8 Fire Magic


You had 8 spell levels left.
You knew the following spells:

 Your Spells              Type           Power        Failure   Level  Hunger
a - Flame Tongue          Conj/Fire      ###..        3%          1    None

Your spell library contained the following spells:

 Spells                   Type           Power        Failure   Level  Hunger
 Throw Flame              Conj/Fire      ###...       6%          2    ##.....
 Conjure Flame            Conj/Fire      ###.....     12%         3    ###....
 Inner Flame              Hex/Fire       ##......     19%         3    ###....
 Sticky Flame             Conj/Fire      ###.....     36%         4    ####...
 Fireball                 Conj/Fire      ###.......   71%         5    ######.


Dungeon Overview and Level Annotations

Branches:
Dungeon (2/15)

Altars:
Gozag

Annotations:
D:2 Natasha


Message History

Natasha is heavily wounded.
Natasha closely misses you.
Casting: Flame Tongue (safe; 3% risk of failure)
Confirm with . or Enter, or press ? or * to list all spells.
Aiming: Flame Tongue (safe; 3% risk of failure)
Press: ? - help, Shift-Dir - straight line, f/p - Natasha
Aim: Natasha, carrying a wand of flame (16) (heavily wounded)
You miscast Flame Tongue.
You are very lightly contaminated with residual magic.
You smell smoke.
Natasha misses you.
Casting: Flame Tongue (safe; 3% risk of failure)
Confirm with . or Enter, or press ? or * to list all spells.
Aiming: Flame Tongue (safe; 3% risk of failure)
Press: ? - help, Shift-Dir - straight line, f/p - Natasha
Aim: Natasha, carrying a wand of flame (16) (heavily wounded)
The flame tongue hits Natasha.
Natasha is severely wounded.
Natasha casts a spell at you. The magic dart hits you!
You die...

#...# #.....
#.#####.#
######
#.......#
#.#####.#
#...# #.#####
#.....#
#####.#######
#@.......
#h####### #.#
..# ###


You could see Natasha.

Vanquished Creatures
  An adder (D:2)
  An ooze (D:1)
  A worm (D:2)
  A leopard gecko (D:1)
  3 orcs (D:2)
  2 giant cockroaches
  3 goblins
  5 hobgoblins
  4 kobolds
  7 bats
  9 frilled lizards
  3 rats
40 creatures vanquished.

Notes
Turn   | Place    | Note
-------+----------+-------------------------------------------
     0 | D:1      | Gynju the Deep Elf Fire Elementalist began the quest for
                  | the Orb.
     0 | D:1      | Reached XP level 1. HP: 10/10 MP: 6/6
    68 | D:1      | Reached XP level 2. HP: 15/15 MP: 0/8
  1165 | D:2      | Reached XP level 3. HP: 19/19 MP: 4/9
  1521 | D:2      | Found an opulent altar of Gozag.
  1847 | D:2      | Noticed Natasha
  1853 | D:2      | Killed from afar by Natasha

Levels and vault maps discovered:
D:1:      evilmike_arrival_rings, layout_basic, minmay_lizard_pond
D:2:      layout_loops_ring, nicolae_gozag_seed_capital,
          lemuel_coloured_pillars_altar, minmay_misc_feat_ornament, uniq_robin,
          uniq_natasha

Skill      XL: |  1  2  3 |
---------------+----------+-----
Dodging        | 3 |  3.2
Conjurations   | 2 |  2.1
Stealth        | |  2.6
Spellcasting   | |  3.7
Fire Magic     | |  3.8

Action                   || total
-------------------------++-------
Melee: Unarmed           ||    13
 Cast: Flame Tongue      ||    63
  Eat: Chunk             ||     3
Armor: Robe              ||     7
Dodge: Dodged            ||    30

Table legend:
 A = Non-vault XP
 B = Vault XP
 C = Vault XP percentage of total XP
 D = Non-vault monster count
 E = Vault monster count
 F = Vault count percentage of total count
                 A         B        C        D         E       F
            +---------+---------+-------+---------+---------+-------
      Total |      78 |       6 |   7.1 |      34 |       6 |  15.0
            +---------+---------+-------+---------+---------+-------
        D:1 |      31 |       6 |  16.2 |      16 |       6 |  27.3
        D:2 |      47 |       0 |   0.0 |      18 |       0 |   0.0
            +---------+---------+-------+---------+---------+-------
